AoeStats
← Zxead

Black Forest

505042313Analyzed
2v2 RM · 23d ago on Sep 7, 2026· 35m 35s· 4 players
Game mode
Random Map
Map size
Medium (4 player)
Population
200
Speed
Normal
Resources
Standard
Victory
Conquest
Starting age
Dark Age
Ending age
Imperial Age
RankedLock teamsTeams togetherTeam positionsShared explorationLock speedFull tech treeHidden civsTurbo modeCheats
Victory
Defeat
🇹🇷 Chinese · Türkiye
697
+17
🇹🇷 Magyars · Türkiye
696
+16
🇦🇷 Huns · Argentina
719
-41
🇦🇷 Burgundians · Argentina
699
-37
Zxead
11:59 Feudal Age
10:55 Loom
15:47 Horse Collar
16:56 Double-Bit Axe
22:33 Castle Age
21:17 Stone Mining
22:48 Town Watch
23:33 Thumb Ring
23:31 Padded Archer Armor
23:21 Fletching
29:25 Leather Archer Armor
29:06 Bodkin Arrow
32:41 Ballistics
ashenone
8:48 Loom
11:41 Feudal Age
15:32 Bloodlines
24:30 Castle Age
22:52 Padded Archer Armor
22:42 Fletching
23:07 Gold Mining
23:03 Double-Bit Axe
24:00 Horse Collar
25:42 Wheelbarrow
25:50 Wheelbarrow
29:08 Scale Barding Armor
29:47 Bodkin Arrow
34:35 Bow Saw
34:30 Heavy Plow
35:42 Leather Archer Armor
Largartero
8:45 Loom
13:32 Feudal Age
18:42 Double-Bit Axe
18:42 Horse Collar
19:38 Wheelbarrow
23:53 Heavy Plow
31:41 Castle Age
32:57 Elite Skirmisher
34:09 Crossbowman
LAT0XII
4:11 Loom
11:24 Feudal Age
12:49 Wheelbarrow
21:46 Castle Age
25:51 Double-Bit Axe
27:29 Fletching
27:48 Scale Barding Armor
Connection lost

Rejoining the realm…

Still unreachable

The connection could not be restored.

Session expired

The server has moved on; the page needs a fresh start.